 Dungeon Crawl Stone Soup version 0.21-a0-498-g1b60429 (webtiles) character file.

768 tidbits the Shield-Bearer (level 7, -17/60 HPs)
             Began as a Gnoll Fighter on Nov 24, 2017.
             Demolished by a two-headed ogre
             ... wielding a +0 giant club
              (23 damage)
             ... on level 6 of the Dungeon.
             The game lasted 00:05:58 (1041 turns).

tidbits the Shield-Bearer (Gnoll Fighter)           Turns: 1041, Time: 00:05:59

Health: -17/60     AC:  8    Str: 19    XL:     7   Next: 82%
Magic:  11/11      EV:  8    Int: 12    God:
Gold:   144        SH: 10    Dex: 17    Spells: 11/11 levels left

rFire    . . .     SeeInvis .   a - +0 war axe
rCold    . . .     Gourm    .   c - +0 shield
rNeg     . . .     Faith    .   b - +0 scale mail
rPois    .         Spirit   .   (no helmet)
rElec    .         Reflect  .   (no cloak)
rCorr    .         Harm     .   l - +0 pair of gloves
MR       .....                  (no boots)
Stlth    +.........             (no amulet)
HPRegen  0.20/turn              n - +3 ring of dexterity
MPRegen  0.12/turn              (no ring)

@: heavily drained
A: distributed training, fangs 1, strong nose
a: no special abilities


You were on level 6 of the Dungeon.
You were hungry.

You visited 1 branch of the dungeon, and saw 7 of its levels.

You collected 144 gold pieces.

Inventory:

Hand Weapons
 a - a +0 war axe (weapon)
Missiles
 d - 45 sling bullets
Armour
 b - a +0 scale mail (worn)
 c - a +0 shield (worn)
 k - a cursed +0 robe
 l - a +0 pair of gloves (worn)
Jewellery
 n - a +3 ring of dexterity (left hand)
   (You found it on level 6 of the Dungeon)
Wands
 o - a wand of paralysis (16)
 r - a wand of flame (28)
Scrolls
 e - 2 scrolls of teleportation {unknown}
 j - 2 scrolls of remove curse {unknown}
 p - a scroll of enchant armour {unknown}
 q - 4 scrolls of identify {unknown}
Potions
 h - a potion of curing
 m - a potion of lignification {unknown}
Comestibles
 f - 3 bread rations
 g - a fruit
 i - 3 meat rations


   Skills:
 + Level 7.1(5.5) Fighting
 + Level 2.6(1.2) Short Blades
 + Level 2.6(1.2) Long Blades
 + Level 5.3(3.8) Axes
 + Level 2.6(1.2) Maces & Flails
 + Level 2.6(1.2) Polearms
 + Level 2.6(1.2) Staves
 + Level 2.6(1.2) Slings
 + Level 2.6(1.2) Bows
 + Level 2.6(1.2) Crossbows
 + Level 2.6(1.2) Throwing
 + Level 7.1(5.5) Armour
 + Level 2.6(1.2) Dodging
 + Level 2.6(1.2) Stealth
 + Level 7.1(5.5) Shields
 + Level 2.6(1.2) Unarmed Combat
 + Level 2.6(1.2) Spellcasting
 + Level 2.1(0.8) Conjurations
 + Level 2.1(0.8) Hexes
 + Level 2.1(0.8) Charms
 + Level 2.1(0.8) Summonings
 + Level 2.1(0.8) Necromancy
 + Level 2.1(0.8) Translocations
 + Level 2.1(0.8) Transmutations
 + Level 2.1(0.8) Fire Magic
 + Level 2.1(0.8) Ice Magic
 + Level 2.1(0.8) Air Magic
 + Level 2.1(0.8) Earth Magic
 + Level 2.1(0.8) Poison Magic
 + Level 3.0(1.5) Invocations
 + Level 2.6(1.2) Evocations


You had 11 spell levels left.
You didn't know any spells.

Dungeon Overview and Level Annotations

Branches:
Dungeon (7/15)
 Temple: D:4-7

Altars:
Dithmenos
Makhleb
The Shining One


Innate Abilities, Weirdness & Mutations

Your experience applies equally to all skills.
You have very sharp teeth.
Your uncanny sense of smell can sniff out nearby items.


Message History

You hit the wight. Your bite misses the wight.
The wight is heavily damaged.
You hit the wight. The wight misses you. The wight hits you but does no damage.
The wight barely misses you. You block the wight's attack.
The wight barely misses you.
Things that are here:
a hand axe; a robe You barely miss the wight.
The wight is heavily damaged.
You hit the wight but do no damage. You hit the wight.
You block the wight's attack. x2; The wight hits you with a halberd.
You feel drained.
The wight hits you with an enchanted spear!
* * * LOW HITPOINT WARNING * * *
It was a potion of haste.
You feel yourself speed up. The wight closely misses you.
You block the wight's attack.
The wight hits you with an enchanted spear.
* * * LOW HITPOINT WARNING * * *
You feel drained.
* * * LOW HITPOINT WARNING * * *
You hit the wight.
The wight is severely damaged.
You hit the wight but do no damage. x2; The wight hits you but does no damage.
You block the wight's attack.
The wight hits you with an enchanted spear.
* * * LOW HITPOINT WARNING * * *
You slash the wight!
You destroy the wight!
You slash the wight! You hit the wight but do no damage.
The wight hits you but does no damage. x2
You closely miss the wight. Your bite misses the wight.
The wight is heavily damaged.
You completely miss the wight.
The wight hits you with an enchanted spear.
* * * LOW HITPOINT WARNING * * *
You feel drained.
* * * LOW HITPOINT WARNING * * *
The wight hits you with an enchanted long sword.
* * * LOW HITPOINT WARNING * * *
You feel drained.
* * * LOW HITPOINT WARNING * * *
You hit the wight.
The wight is severely damaged.
You hit the wight.
You destroy the wight!
The wight barely misses you.
You slash the wight!
You destroy the wight!
Your base Invocations skill increases to level 3!
You now have 144 gold pieces (gained 7).
Things that are here:
an enchanted spear; a robe
Things that are here:
a hand axe; a robe
i - 3 meat rations (gained 1)
Things that are here:
an enchanted long sword; a robe
Things that are here:
a halberd; a robe Your extra speed is starting to run out.
Found a glowing robe.
You feel yourself slow down.
You see here a glowing robe.
k - a glowing robe Wear which item? (? for menu, Esc to quit)
Okay, then.
Found a meat ration.
An electric eel comes into view.
Found a scroll labeled HOARIGG WEGO ZETU.
Found a copper wand.
r - a wand of flame (28)
q - 4 scrolls labeled HOARIGG WEGO ZETU (gained 1)
A two-headed ogre comes into view. It is wielding two giant clubs.
The two-headed ogre shouts in stereo!
The two-headed ogre barely misses you.
The two-headed ogre completely misses you.
You hit the two-headed ogre. You bite the two-headed ogre.
The two-headed ogre is lightly wounded.
The two-headed ogre hits you with a giant club!!
* * * LOW HITPOINT WARNING * * *
You block the two-headed ogre's attack.
Evoke which item? (* to show all) (? for menu, Esc to quit)
Aiming: Paralyse
Press: ? - help, Shift-Dir - straight line, f - two-headed ogre
Aim: a two-headed ogre, wielding two giant clubs (lightly wounded, chance to defeat MR: 32%)
The two-headed ogre easily resists.
Evoke which item? (* to show all) (? for menu, Esc to quit)
Aiming: Paralyse
Press: ? - help, Shift-Dir - straight line, f/p - two-headed ogre
Aim: a two-headed ogre, wielding two giant clubs (lightly wounded, chance to defeat MR: 32%)
The two-headed ogre easily resists.
You block the two-headed ogre's attack.
The two-headed ogre hits you with a giant club.
* * * LOW HITPOINT WARNING * * *
Evoke which item? (* to show all) (? for menu, Esc to quit)
Aiming: Paralyse
Press: ? - help, Shift-Dir - straight line, f/p - two-headed ogre
Aim: a two-headed ogre, wielding two giant clubs (lightly wounded, chance to defeat MR: 32%)
The two-headed ogre easily resists.
You block the two-headed ogre's attack.
The two-headed ogre hits you with a giant club!!
You die...

..##..#..#.#
........ ..#
####
...#.###.###
...
.>#..###.####.#
.###........>.#
##
#.#.####.######
.. #...####.
####.#
.........
#.O..# .....##
#@# .....# #.#
.....# #.#
.....# #.#
.....# #.#
##.### #.# #.#
#.# #.#
#########.# #.#
#.........#


You could see a two-headed ogre.

Vanquished Creatures
  A sky beast (D:5)
  An ogre (D:5)
  4 wights (D:6)
  2 crimson imps (D:5)
  3 centaur zombies
  3 hounds
  A bullfrog skeleton (D:5)
  An orc wizard (D:5)
  A centaur skeleton (D:7)
  A worker ant (D:7)
  A howler monkey zombie (D:7)
  A howler monkey skeleton (D:5)
  An adder (D:6)
  An adder zombie (D:5)
  A worm (D:1)
  3 leopard geckos
  4 orcs (D:5)
  A ball python (D:3)
  4 giant cockroaches
  3 hobgoblins
  3 jackals (D:1)
  A quokka (D:5)
  A quokka zombie (D:7)
  A rat (D:1)
44 creatures vanquished.

Notes
Turn   | Place    | Note
-------+----------+-------------------------------------------
     0 | D:1      | tidbits the Gnoll Fighter began the quest for the Orb.
     0 | D:1      | Reached XP level 1. HP: 23/23 MP: 1/1
   115 | D:1      | Reached XP level 2. HP: 29/29 MP: 2/2
   240 | D:1      | Found a glowing golden altar of the Shining One.
   331 | D:3      | Reached XP level 3. HP: 27/35 MP: 3/3
   397 | D:5      | Entered Level 5 of the Dungeon
   423 | D:5      | Found a shadowy altar of Dithmenos.
   470 | D:5      | Reached skill level 1 in Short Blades
   470 | D:5      | Reached skill level 1 in Long Blades
   470 | D:5      | Reached skill level 1 in Maces & Flails
   470 | D:5      | Reached skill level 1 in Polearms
   470 | D:5      | Reached skill level 1 in Staves
   470 | D:5      | Reached skill level 1 in Slings
   470 | D:5      | Reached skill level 1 in Bows
   470 | D:5      | Reached skill level 1 in Crossbows
   470 | D:5      | Reached skill level 1 in Throwing
   470 | D:5      | Reached skill level 1 in Dodging
   470 | D:5      | Reached skill level 1 in Stealth
   470 | D:5      | Reached skill level 1 in Unarmed Combat
   470 | D:5      | Reached skill level 1 in Spellcasting
   470 | D:5      | Reached skill level 1 in Invocations
   470 | D:5      | Reached skill level 1 in Evocations
   470 | D:5      | Reached XP level 4. HP: 37/41 MP: 5/5
   480 | D:5      | Reached skill level 1 in Conjurations
   480 | D:5      | Reached skill level 1 in Hexes
   480 | D:5      | Reached skill level 1 in Charms
   480 | D:5      | Reached skill level 1 in Summonings
   480 | D:5      | Reached skill level 1 in Necromancy
   480 | D:5      | Reached skill level 1 in Translocations
   480 | D:5      | Reached skill level 1 in Transmutations
   480 | D:5      | Reached skill level 1 in Fire Magic
   480 | D:5      | Reached skill level 1 in Ice Magic
   480 | D:5      | Reached skill level 1 in Air Magic
   480 | D:5      | Reached skill level 1 in Earth Magic
   480 | D:5      | Reached skill level 1 in Poison Magic
   484 | D:5      | Reached XP level 5. HP: 42/47 MP: 5/7
   515 | D:5      | Noticed a sky beast
   532 | D:5      | Killed a sky beast
   532 | D:5      | Reached XP level 6. HP: 28/53 MP: 8/8
   534 | D:5      | Reached skill level 2 in Invocations
   563 | D:5      | Reached skill level 2 in Short Blades
   563 | D:5      | Reached skill level 2 in Long Blades
   563 | D:5      | Reached skill level 5 in Axes
   563 | D:5      | Reached skill level 2 in Maces & Flails
   563 | D:5      | Reached skill level 2 in Polearms
   563 | D:5      | Reached skill level 2 in Staves
   563 | D:5      | Reached skill level 2 in Slings
   563 | D:5      | Reached skill level 2 in Bows
   563 | D:5      | Reached skill level 2 in Crossbows
   563 | D:5      | Reached skill level 2 in Throwing
   563 | D:5      | Reached skill level 2 in Dodging
   563 | D:5      | Reached skill level 2 in Stealth
   563 | D:5      | Reached skill level 2 in Unarmed Combat
   563 | D:5      | Reached skill level 2 in Spellcasting
   563 | D:5      | Reached skill level 2 in Evocations
   635 | D:6      | Reached XP level 7. HP: 31/59 MP: 10/10
   801 | D:7      | Found a burning altar of Makhleb.
   813 | D:7      | Reached skill level 7 in Fighting
   813 | D:7      | Reached skill level 7 in Armour
   813 | D:7      | Reached skill level 7 in Shields
   898 | D:6      | Reached skill level 2 in Conjurations
   898 | D:6      | Reached skill level 2 in Hexes
   898 | D:6      | Reached skill level 2 in Charms
   898 | D:6      | Reached skill level 2 in Summonings
   898 | D:6      | Reached skill level 2 in Necromancy
   898 | D:6      | Reached skill level 2 in Translocations
   898 | D:6      | Reached skill level 2 in Transmutations
   898 | D:6      | Reached skill level 2 in Fire Magic
   898 | D:6      | Reached skill level 2 in Ice Magic
   898 | D:6      | Reached skill level 2 in Air Magic
   898 | D:6      | Reached skill level 2 in Earth Magic
   898 | D:6      | Reached skill level 2 in Poison Magic
   925 | D:6      | Reached skill level 3 in Invocations
  1037 | D:6      | Noticed a two-headed ogre
  1040 | D:6      | HP: 6/60 [two-headed ogre/giant club (3)]
  1041 | D:6      | Demolished by a two-headed ogre

Vault maps used:
D:1:      onia_arrival_mini_maze_b, tso_metal_star
D:2:      first_bread
D:3:      kennysheep_generic_room_4
D:4:      serial_shops, shop, grunt_ministairs_8
D:5:      minmay_temple_entry_grid, grunt_dithmenos_smoke_and_mirrors
D:6:      hangedman_decor_opposing, nicolae_zen_rock_garden, fountainhead
D:7:      gammafunk_corrupted_shrine, makhleb_heckhound_becter, grunt_ogre_cave,
          kennysheep_generic_room_16

Skill      XL: |  1  2  3  4  5  6  7 |
---------------+----------------------+-----
Short Blades   | 1 2 |  2.6
Long Blades    | 1 2 |  2.6
Maces & Flails | 1 2 |  2.6
Polearms       | 1 2 |  2.6
Staves         | 1 2 |  2.6
Slings         | 1 2 |  2.6
Bows           | 1 2 |  2.6
Crossbows      | 1 2 |  2.6
Throwing       | 1 2 |  2.6
Dodging        | 1 2 |  2.6
Stealth        | 1 2 |  2.6
Unarmed Combat | 1 2 |  2.6
Spellcasting   | 1 2 |  2.6
Invocations    | 1 2 3 |  3.0
Evocations     | 1 2 |  2.6
Conjurations   | 1 2 |  2.1
Hexes          | 1 2 |  2.1
Charms         | 1 2 |  2.1
Summonings     | 1 2 |  2.1
Necromancy     | 1 2 |  2.1
Translocations | 1 2 |  2.1
Transmutations | 1 2 |  2.1
Fire Magic     | 1 2 |  2.1
Ice Magic      | 1 2 |  2.1
Air Magic      | 1 2 |  2.1
Earth Magic    | 1 2 |  2.1
Poison Magic   | 1 2 |  2.1
Axes           | 5 |  5.3
Fighting       | 7 |  7.1
Armour         | 7 |  7.1
Shields        | 7 |  7.1

Action                   |  1- 3 |  4- 6 |  7- 9 || total
-------------------------+-------+-------+-------++-------
Melee: War axe           |    58 |    54 |    70 ||   182
       Bite              |     7 |    12 |     9 ||    28
Evoke: Wand              |       |       |     3 ||     3
  Use: Potion            |       |     1 |     2 ||     3
Armor: Scale mail        |    22 |    26 |    29 ||    77
Dodge: Dodged            |    23 |    20 |    26 ||    69
Block: Shield            |    36 |    33 |    57 ||   126

Table legend:
 A = Spawn XP
 B = Non-spawn XP
 C = Spawn XP percentage of total XP
 D = Spawn monster count
 E = Non-spawn monster count
 F = Spawn count percentage of total count
 G = Total turns spent on level
                    A         B        C        D         E        F      G
               +---------+---------+-------+---------+---------+-------+---------
         Total |       0 |    1098 |   0.0 |       0 |      44 |   0.0 |  1041
               +---------+---------+-------+---------+---------+-------+---------
           D:1 |       0 |      23 |   0.0 |       0 |      10 |   0.0 |   278
           D:2 |       0 |       4 |   0.0 |       0 |       2 |   0.0 |    16
           D:3 |       0 |       7 |   0.0 |       0 |       3 |   0.0 |    67
           D:5 |       0 |     555 |   0.0 |       0 |      15 |   0.0 |   239
           D:6 |       0 |     377 |   0.0 |       0 |       9 |   0.0 |   247
           D:7 |       0 |     132 |   0.0 |       0 |       5 |   0.0 |   158
               +---------+---------+-------+---------+---------+-------+---------

Table legend:
 A = Turns spent in this place as a percentage of turns spent in the entire game.
 B = Non-inter-level travel turns spent in this place as a percentage of non-inter-level travel turns spent in the entire game.
 C = Inter-level travel turns spent in this place as a percentage of turns spent in this place.
 D = Turns resting spent in this place as a percentage of non-inter-level travel turns spent in this place.
 E = Turns spent auto-exploring this place as a percentage of non-inter-level travel turns spent in this place.
 F = Non-inter-level travel turns spent in this place divided by the number of levels of this place that you've seen.
                   A       B       C       D       E      F
               +-------+-------+-------+-------+-------+----------------------
         Total | 100.0 | 100.0 |   1.2 |   0.0 |   0.0 | 146.9
       Dungeon | 100.0 | 100.0 |   1.2 |   0.0 |   0.0 | 146.9
               +-------+-------+-------+-------+-------+----------------------

Table legend:
 A = Kills in this place as a percentage of kills in entire the game.
 B = Kills by you in this place as a percentage of kills by you in the entire game.
 C = Kills by friends in this place as a percentage of kills by friends in the entire game.
 D = Other kills in this place as a percentage of other kills in the entire game.
 E = Experience gained in this place as a percentage of experience gained in the entire game.
 F = Experience gained in this place divided by the number of levels of this place that you have seen.
                   A       B       C       D       E      F
               +-------+-------+-------+-------+-------+----------------------
         Total | 100.0 | 100.0 |   N/A |   N/A | 100.0 | 156.9
       Dungeon | 100.0 | 100.0 |   N/A |   N/A | 100.0 | 156.9
               +-------+-------+-------+-------+-------+----------------------

Vault maps used:
D:1:      onia_arrival_mini_maze_b, tso_metal_star
D:2:      first_bread
D:3:      kennysheep_generic_room_4
D:4:      serial_shops, shop, grunt_ministairs_8
D:5:      minmay_temple_entry_grid, grunt_dithmenos_smoke_and_mirrors
D:6:      hangedman_decor_opposing, nicolae_zen_rock_garden, fountainhead
D:7:      gammafunk_corrupted_shrine, makhleb_heckhound_becter, grunt_ogre_cave,
          kennysheep_generic_room_16
